[Event "Titled Tuesday Blitz January 10 Early 2023"]
[White "Goldin, Roman"]
[Black "Aspire_ie"]
[WhiteFideId "2803860"]
[WhiteElo "2322"]
[BlackElo "2307"]
[Result "1-0"]
[Round "08"]
[TimeControl "180+2"]
[Date "2023.01.10"]
[WhiteClock "0:00:14"]
[BlackClock "0:00:02"]

1. Nf3 d6 2. d4 Nf6 3. g3 g6 4. Bg2 Bg7 5. O-O O-O 6. Nc3 d5 7. Bg5 Ne4 8. Bf4 Nxc3 9. bxc3 Nd7 10. Qd2 Re8 11. Bh6 Bh8 12. h4 Nb6 13. Ne5 f6 14. Nd3 e5 15. dxe5 fxe5 16. e4 c6 17. Qe2 Qe7 18. a4 a5 19. Be3 d4 20. Bg5 Bf6 21. Bxf6 Qxf6 22. cxd4 exd4 23. e5 Bf5 24. f4 Rad8 25. Rfb1 Nc4 26. Rxb7 Qe6 27. Nc5 d3 28. cxd3 Bxd3 29. Nxd3 Qc8 30. Rab1 Rd7 31. Nc5 Rxb7 32. Rxb7 Na3 33. Qa2+ Kh8 34. Qf7 1-0


[Site "https://www.chess.com"]

[Event "Titled Tuesday Blitz January 10 Early 2023"]
[White "Real_taiatai"]
[Black "Novikov, Evgenij"]
[BlackFideId "4125380"]
[WhiteElo "2318"]
[BlackElo "2276"]
[Result "0-1"]
[Round "08"]
[TimeControl "180+2"]
[Date "2023.01.10"]
[WhiteClock "0:00:17"]
[BlackClock "0:00:21"]

1. d3 d5 2. Nf3 g6 3. g3 Bg7 4. Bg2 Nf6 5. O-O O-O 6. Nc3 d4 7. Ne4 Nc6 8. Nxf6+ exf6 9. c4 a5 10. Bd2 Re8 11. Re1 f5 12. b3 Qe7 13. a3 Bd7 14. Qc1 h5 15. Rb1 Ra7 16. b4 axb4 17. axb4 b6 18. b5 Nd8 19. Bb4 Qf6 20. Ra1 Rxa1 21. Qxa1 f4 22. Bd2 g5 23. Bc1 Ne6 24. Nd2 Nc5 25. Ne4 Nxe4 26. Bxe4 h4 27. Qa7 fxg3 28. fxg3 hxg3 29. hxg3 Qd6 30. Kg2 Be5 31. Bxg5 Bxg3 32. Rg1 Re5 33. Bd2 Rh5 34. Qa8+ Kg7 35. Kf3 Rh3 36. Qd5 Qf6+ 37. Bf5 Bxf5 38. Rxg3+ Bg4+ 39. Kxg4 Rh4# 0-1


[Site "https://www.chess.com"]

[Event "Titled Tuesday Blitz January 10 Early 2023"]
[White "Boder, Jan"]
[Black "Campbell, Charles"]
[WhiteFideId "16243226"]
[BlackFideId "8500436"]
[WhiteElo "2294"]
[BlackElo "2179"]
[Result "0-1"]
[Round "08"]
[TimeControl "180+2"]
[Date "2023.01.10"]
[WhiteClock "0:00:14"]
[BlackClock "0:00:18"]

1. b3 f5 2. Bb2 Nf6 3. Bxf6 exf6 4. c4 b6 5. g3 Bb7 6. Nf3 g6 7. Bg2 Bg7 8. Nc3 O-O 9. O-O d6 10. d4 c5 11. e3 Nc6 12. Qd2 Ne7 13. Rad1 a6 14. d5 Re8 15. Ne2 Bc8 16. Ne1 b5 17. Nd3 Rb8 18. Ndf4 Bd7 19. Ne6 Qc8 20. N2f4 Bh6 21. Qb2 Kf7 22. Qc3 Bxf4 23. exf4 Bxe6 24. dxe6+ Qxe6 25. Rfe1 Qd7 26. Rd2 Nc6 27. Bd5+ Kg7 28. Rxe8 Rxe8 29. Bxc6 Qxc6 30. Rd5 Re6 31. Qd3 Kf7 32. h4 Ke7 33. h5 bxc4 34. bxc4 Qa4 35. Qb3 Qxb3 36. axb3 Re2 37. Kf1 Rb2 38. Rd3 Kd7 39. Ke1 Kc6 40. Re3 Kd7 41. Rd3 a5 42. Rf3 Ra2 43. Rc3 Ra3 44. Re3 a4 45. bxa4 Rxa4 46. Rc3 Kc6 47. Ke2 d5 48. cxd5+ Kxd5 49. Rd3+ Rd4 50. Ra3 Re4+ 51. Kf3 Re7 52. Ra6 c4 53. Ra8 Rc7 54. Ra2 c3 55. Rc2 Kd4 56. Ke2 Rb7 57. Rc1 Rb2+ 58. Ke1 Kd3 59. Rd1+ Rd2 60. Ra1 Rb2 61. Rd1+ Kc4 62. hxg6 hxg6 63. Rc1 Kb3 64. Rd1 c2 65. Rc1 Kc3 66. Ke2 Rb1 67. Rxc2+ Kxc2 68. Ke3 Rb4 69. f3 Kc3 70. g4 fxg4 71. fxg4 g5 72. fxg5 fxg5 73. Kf3 Kd3 74. Kg3 Ke3 75. Kh3 Kf3 76. Kh2 Kxg4 77. Kg2 Rb2+ 78. Kf1 Kf3 79. Ke1 g4 80. Kd1 g3 81. Kc1 Re2 82. Kd1 g2 83. Kc1 g1=R# 0-1


[Site "https://www.chess.com"]

[Event "Titled Tuesday Blitz January 10 Early 2023"]
[White "Alfaro, William"]
[Black "Sreyas Payyappat"]
[WhiteFideId "6100457"]
[BlackFideId "46674969"]
[WhiteElo "2134"]
[BlackElo "2076"]
[Result "1-0"]
[Round "08"]
[TimeControl "180+2"]
[Date "2023.01.10"]
[WhiteClock "0:00:23"]
[BlackClock "0:00:12"]

1. Nf3 Nf6 2. g3 c5 3. Bg2 Nc6 4. d3 d5 5. O-O g6 6. Nbd2 Bg7 7. e4 dxe4 8. Nxe4 Nxe4 9. dxe4 Qxd1 10. Rxd1 Bg4 11. Re1 O-O-O 12. c3 Bxf3 13. Bxf3 Ne5 14. Bg2 Nd3 15. Rd1 c4 16. Bf1 Rd6 17. b3 Bxc3 18. Rb1 Bd4 19. Bxd3 cxd3 20. Bf4 e5 21. Bg5 f6 22. Bd2 Rhd8 23. Rbc1+ Kb8 24. Rc4 b5 25. Rcc1 Bb6 26. Kf1 Rd4 27. f3 Kb7 28. Be3 R4d6 29. Bxb6 Kxb6 30. Kf2 f5 31. exf5 gxf5 32. Rc3 b4 33. Rc4 a5 34. Ke3 Kb5 35. Rd2 R6d7 36. Rh4 a4 37. Rh5 Rc8 38. Rxf5 Rd5 39. Ke4 Rc2 40. Ke3 Rxd2 41. Kxd2 axb3 42. axb3 Kc5 43. Rf8 Kd4 44. Re8 Rd6 45. h4 Rf6 46. Rd8+ Kc5 47. Rxd3 Rg6 48. g4 Rh6 49. h5 Ra6 50. Ke3 Ra1 51. Rd8 Rb1 52. Rc8+ Kd6 53. Rd8+ Ke6 54. Rd3 Rc1 55. Ke4 Re1+ 56. Re3 Rd1 57. f4 Rd4+ 58. Kf3 Rxf4+ 59. Kg3 Kd5 60. Rd3+ Rd4 61. Re3 Rd2 62. g5 Kd4 63. Rf3 e4 64. Rf7 Rd1 65. Rd7+ Kc3 66. Rxd1 e3 67. Re1 Kd2 68. Rxe3 Kxe3 69. g6 hxg6 70. hxg6 Kd3 71. g7 Kc3 72. g8=Q Kb2 73. Qc4 Ka3 74. Kf3 Ka2 75. Ke2 Ka3 76. Kd2 Ka2 77. Kc2 Ka3 78. Qa6# 1-0


[Site "https://www.chess.com"]

[Event "Titled Tuesday Blitz January 10 Early 2023"]
[White "Chernomordik, Pavel"]
[Black "Jenkins, Drake"]
[WhiteFideId "2804530"]
[BlackFideId "2022397"]
[WhiteElo "2150"]
[BlackElo "2130"]
[Result "1-0"]
[Round "08"]
[TimeControl "180+2"]
[Date "2023.01.10"]
[WhiteClock "0:00:16"]
[BlackClock "0:00:01"]

1. e4 c5 2. Nc3 g6 3. f4 Bg7 4. Nf3 Nc6 5. Bb5 Nd4 6. Bc4 e6 7. e5 d6 8. exd6 Qxd6 9. d3 a6 10. Ne4 Qc7 11. a4 Ne7 12. c3 Nxf3+ 13. Qxf3 O-O 14. a5 Bd7 15. Qf2 Rfc8 16. Be3 Nd5 17. Bxc5 Qxf4 18. Qxf4 Nxf4 19. O-O Nd5 20. Bf2 Bc6 21. Rae1 Bf8 22. Bh4 Rab8 23. Bg3 Ra8 24. Nd6 Bxd6 25. Bxd6 b6 26. Bxd5 Bxd5 27. axb6 Rd8 28. Be5 Kf8 29. Rf4 1-0


[Site "https://www.chess.com"]

[Event "Titled Tuesday Blitz January 10 Early 2023"]
[White "Fabris, Alberto"]
[Black "Erzhanov, Arman"]
[WhiteFideId "801348"]
[BlackFideId "4138821"]
[WhiteElo "2230"]
[BlackElo "2228"]
[Result "0-1"]
[Round "08"]
[TimeControl "180+2"]
[Date "2023.01.10"]
[WhiteClock "0:00:07"]
[BlackClock "0:00:49"]

1. e4 d6 2. d4 Nf6 3. Nc3 e5 4. Nf3 Nbd7 5. Be2 Be7 6. O-O O-O 7. Re1 c6 8. h3 b5 9. a3 a6 10. Be3 Re8 11. Qd2 Bf8 12. dxe5 dxe5 13. Rad1 Qc7 14. Nh4 Nc5 15. f3 g6 16. Bh6 Ne6 17. Bxf8 Kxf8 18. Bf1 Kg7 19. Qe3 Nh5 20. Ne2 Qe7 21. Qf2 Qg5 22. g3 Bb7 23. Kh2 Rad8 24. c3 Rxd1 25. Rxd1 Rd8 26. Rxd8 Qxd8 27. Ng1 c5 28. Ng2 c4 29. Ne3 Nf6 30. Qe2 Qd6 31. Qd1 Qxd1 32. Nxd1 Nc5 33. Nf2 Na4 34. Nd1 Nd7 35. Ne2 Ndc5 36. Nc1 f5 37. Bg2 fxe4 38. fxe4 Bxe4 39. Bxe4 Nxe4 40. Ne2 Nec5 41. Kg2 Nd3 42. Kf3 Naxb2 43. Nxb2 Nxb2 44. Ke4 Kf6 45. Kd5 Na4 46. g4 h5 47. gxh5 gxh5 48. Kc6 e4 49. Kd5 Kf5 50. Ng3+ Kf4 51. Nxe4 Kf3 52. Kd4 h4 53. Ng5+ Kg3 54. Ne6 Kxh3 55. Nc7 Kg2 56. Nxa6 h3 57. Nc7 h2 58. Nxb5 h1=Q 59. Kxc4 Qf1+ 60. Kb4 Nb2 61. Kb3 Qxb5+ 0-1


[Site "https://www.chess.com"]

[Event "Titled Tuesday Blitz January 10 Early 2023"]
[White "Manukian, Artak"]
[Black "Simonovic, Miroslav"]
[WhiteFideId "13301373"]
[BlackFideId "919152"]
[WhiteElo "2196"]
[BlackElo "2082"]
[Result "1-0"]
[Round "08"]
[TimeControl "180+2"]
[Date "2023.01.10"]
[WhiteClock "0:00:43"]
[BlackClock "0:00:01"]

1. e4 c5 2. Nf3 Nc6 3. c3 d5 4. exd5 Qxd5 5. d4 Bf5 6. Be3 Bxb1 7. Rxb1 cxd4 8. cxd4 e6 9. a3 Nf6 10. Rc1 Rd8 11. Bc4 Qa5+ 12. Ke2 Be7 13. Qb3 Qc7 14. Rhd1 O-O 15. Bb5 Qd6 16. Qa4 Nd5 17. Bxc6 Nxe3 18. fxe3 bxc6 19. Qxc6 Qb8 20. b4 a5 21. Qc7 Bd6 22. Qxb8 Rxb8 23. bxa5 Bxa3 24. Ra1 Bb4 25. a6 Ra8 26. Rdb1 Bd6 27. a7 Rfc8 28. Rb6 Bc7 29. Rb7 1-0


[Site "https://www.chess.com"]

[Event "Titled Tuesday Blitz January 10 Early 2023"]
[White "Larina, Maria"]
[Black "Bon, Michael"]
[WhiteFideId "24113182"]
[BlackFideId "620696"]
[WhiteElo "1948"]
[BlackElo "2394"]
[Result "1-0"]
[Round "08"]
[TimeControl "180+2"]
[Date "2023.01.10"]
[WhiteClock "0:00:15"]
[BlackClock "0:00:06"]

1. e4 c5 2. Nc3 Nc6 3. g3 g6 4. Bg2 Bg7 5. d3 Rb8 6. a4 d6 7. Nge2 Nf6 8. O-O O-O 9. f4 Nd7 10. Nd5 e6 11. Ne3 f5 12. c3 Nf6 13. exf5 gxf5 14. Kh1 Ne7 15. Nc4 b6 16. Ng1 Ned5 17. Nf3 Bb7 18. Qe2 Qd7 19. Re1 Rbe8 20. a5 b5 21. Ne3 Nc7 22. Nc2 a6 23. Be3 Nfd5 24. Bd2 Kh8 25. Ne3 Nf6 26. Qf2 e5 27. fxe5 dxe5 28. Ng5 h6 29. Nf3 Qxd3 30. Rad1 Ne4 31. Qe2 Qxe2 32. Rxe2 Rd8 33. Be1 Rxd1 34. Nxd1 Rd8 35. Ne3 Ne6 36. Nxf5 1-0


[Site "https://www.chess.com"]

[Event "Titled Tuesday Blitz January 10 Early 2023"]
[White "Kho, Darrell"]
[Black "Osinovsky, Stepan"]
[WhiteFideId "1019317"]
[BlackFideId "4157354"]
[WhiteElo "2075"]
[BlackElo "2241"]
[Result "1-0"]
[Round "08"]
[TimeControl "180+2"]
[Date "2023.01.10"]
[WhiteClock "0:00:01"]
[BlackClock "0:00:01"]

1. e4 e6 2. d4 d5 3. Nd2 Ne7 4. Bd3 Nbc6 5. Ngf3 dxe4 6. Nxe4 Nf5 7. c3 Be7 8. Bf4 O-O 9. Qc2 a6 10. Ng3 Re8 11. O-O-O Qd5 12. c4 Qa5 13. a3 b5 14. d5 bxc4 15. Bxf5 exf5 16. dxc6 Be6 17. Bd2 Qb5 18. Bc3 Qxc6 19. Nxf5 Bf8 20. N3d4 Qd5 21. Nxe6 Qxe6 22. Rhe1 Qg6 23. Rxe8 Rxe8 24. Ng3 Qc6 25. f3 h6 26. Ne4 Qg6 27. Qf2 f5 28. Nd2 Qc6 29. Qg3 Re2 30. Re1 Qe6 31. Rxe2 Qxe2 32. Kb1 Qd1+ 33. Ka2 Qc2 34. Qe5 1-0


[Site "https://www.chess.com"]

[Event "Titled Tuesday Blitz January 10 Early 2023"]
[White "Karabalis, Harilos"]
[Black "Adam, Ernestina"]
[WhiteFideId "4621808"]
[BlackFideId "165883"]
[WhiteElo "2252"]
[BlackElo "2040"]
[Result "1-0"]
[Round "08"]
[TimeControl "180+2"]
[Date "2023.01.10"]
[WhiteClock "0:01:32"]
[BlackClock "0:00:16"]

1. c4 Nf6 2. Nc3 e5 3. g3 Nc6 4. Bg2 Bc5 5. e3 d6 6. Nge2 Be6 7. d4 exd4 8. exd4 Bxc4 9. dxc5 O-O 10. cxd6 cxd6 11. O-O Re8 12. Re1 Nb4 13. Nd4 Rxe1+ 14. Qxe1 Qb6 15. Be3 Nd3 16. Qd2 Ng4 17. Nf5 Nxe3 18. Nxe3 Ba6 19. b3 Qd4 20. Rd1 Rc8 21. Ncd5 Kh8 22. Bf1 Qe5 23. Bxd3 Bxd3 24. Qxd3 h6 25. Qd4 Qh5 26. Kg2 b6 27. Qg4 Qe5 28. Qxc8+ Kh7 29. Qf5+ 1-0


[Site "https://www.chess.com"]

[Event "Titled Tuesday Blitz January 10 Early 2023"]
[White "Tasev, Dejan"]
[Black "Gatterer, Florian"]
[WhiteFideId "936618"]
[BlackFideId "811688"]
[WhiteElo "2205"]
[BlackElo "2170"]
[Result "1-0"]
[Round "08"]
[TimeControl "180+2"]
[Date "2023.01.10"]
[WhiteClock "0:01:39"]
[BlackClock "0:00:14"]

1. e4 c5 2. Nf3 e6 3. Nc3 Nc6 4. g3 d5 5. exd5 exd5 6. Bg2 d4 7. Ne2 d3 8. cxd3 Qxd3 9. O-O Bg4 10. Nf4 Qd7 11. h3 Bf5 12. Re1+ Be7 13. Ne5 Nxe5 14. Rxe5 O-O-O 15. d4 Nf6 16. Be3 Bd6 17. Rxf5 Qxf5 18. Qb3 Rd7 19. dxc5 Bxf4 20. Bxf4 Nd5 21. c6 Nxf4 22. cxd7+ Kxd7 23. Qxb7+ Kd6 24. gxf4 Qxf4 25. Rd1+ Ke5 26. Rd5+ Kf6 27. Qc6+ Ke7 28. Rd7+ 1-0


[Site "https://www.chess.com"]

[Event "Titled Tuesday Blitz January 10 Early 2023"]
[White "Boraso, Alessio"]
[Black "Klose, Eli"]
[WhiteFideId "848077"]
[BlackFideId "16242955"]
[WhiteElo "2316"]
[BlackElo "1519"]
[Result "1-0"]
[Round "08"]
[TimeControl "180+2"]
[Date "2023.01.10"]
[WhiteClock "0:00:12"]
[BlackClock "0:01:43"]

1. e4 e6 2. d4 d5 3. e5 c5 4. c3 Bd7 5. Nf3 Qb6 6. Bd3 Bb5 7. O-O Bxd3 8. Qxd3 Nc6 9. dxc5 Bxc5 10. b4 Bf8 11. Be3 Qc7 12. Na3 a6 13. Bd4 Nge7 14. b5 Nxd4 15. cxd4 Nf5 16. Rac1 Qa5 17. Rc3 Bb4 18. Rb3 O-O 19. Rfb1 Be7 20. R1b2 Rfc8 21. Nc2 h6 22. h3 Rc4 23. bxa6 bxa6 24. Rb8+ Rxb8 25. Rxb8+ Kh7 26. g4 Rc3 27. Qe2 Nh4 28. Nxh4 Bxh4 29. Ne3 Qc7 30. Qb2 Bg5 31. Ng2 Rc1+ 32. Kh2 Rc2 33. Qb1 g6 34. Rb7 Rc1 35. Qb4 Rc4 36. Qb1 Rc1 37. Qb3 Rc3 38. Rxc7 Rxb3 39. axb3 1-0


[Site "https://www.chess.com"]

[Event "Titled Tuesday Blitz January 10 Early 2023"]
[White "Qashashvili, Alexandre"]
[Black "Womacka, Mathias"]
[WhiteFideId "13600842"]
[BlackFideId "4611390"]
[WhiteElo "2505"]
[BlackElo "2396"]
[Result "1-0"]
[Round "08"]
[TimeControl "180+2"]
[Date "2023.01.10"]
[WhiteClock "0:00:10"]
[BlackClock "0:00:03"]

1. e4 c5 2. Nc3 Nc6 3. Nf3 e5 4. Bc4 Be7 5. d3 d6 6. a3 Nf6 7. h3 O-O 8. Nd5 Nxd5 9. Bxd5 Be6 10. Bxe6 fxe6 11. c3 d5 12. O-O Kh8 13. Bd2 Qd7 14. Bg5 Rad8 15. Bxe7 Qxe7 16. Qe2 d4 17. cxd4 exd4 18. e5 Rf5 19. Rae1 Rdf8 20. Nd2 Rxe5 21. Ne4 Ref5 22. Ng3 R5f6 23. Ne4 Rg6 24. f4 Qh4 25. Nxc5 Qxh3 26. Nxe6 Re8 27. f5 Rg4 28. Rf4 Rxf4 29. gxh3 Rxf5 30. Qg4 Rf7 31. Rf1 Rxf1+ 32. Kxf1 g6 33. Nxd4 Ne5 34. Qe4 Kg7 35. Kg2 Re7 36. Nf3 Nc6 37. Qd5 Rf7 38. Ng5 Re7 39. d4 Re2+ 40. Kf1 Rxb2 41. Ne6+ Kf6 42. Nd8 Nxd8 43. Qxd8+ Kf5 44. d5 1-0


[Site "https://www.chess.com"]

[Event "Titled Tuesday Blitz January 10 Early 2023"]
[White "Kozin, Yuri"]
[Black "Prudnykova, Olga"]
[WhiteFideId "4129920"]
[BlackFideId "14121093"]
[WhiteElo "2251"]
[BlackElo "2268"]
[Result "1-0"]
[Round "08"]
[TimeControl "180+2"]
[Date "2023.01.10"]
[WhiteClock "0:01:43"]
[BlackClock "0:00:05"]

1. e4 c5 2. Nf3 Nf6 3. Nc3 e6 4. d4 cxd4 5. Nxd4 Nc6 6. Ndb5 Bc5 7. Nd6+ Ke7 8. Nxc8+ Rxc8 9. Bd3 Re8 10. Bg5 h6 11. Bh4 Kf8 12. O-O Kg8 13. Kh1 Be7 14. f4 d6 15. f5 Ne5 16. Qe1 Nxd3 17. cxd3 Ng4 18. Bxe7 Qxe7 19. Qg3 Qg5 20. Qxd6 Rcd8 21. Qg3 exf5 22. Rxf5 Qg6 23. Raf1 Rf8 24. Nd5 Rd7 25. h3 Nf6 26. Nxf6+ gxf6 27. Qf2 Rxd3 28. Rxf6 Qxe4 29. Rxf7 Rxh3+ 30. Kg1 Qe3 31. Rxf8+ 1-0


[Site "https://www.chess.com"]

[Event "Titled Tuesday Blitz January 10 Early 2023"]
[White "Baches Garcia, Guillermo"]
[Black "Bove, Alessandro"]
[WhiteFideId "2209764"]
[BlackFideId "814121"]
[WhiteElo "2327"]
[BlackElo "2311"]
[Result "0-1"]
[Round "08"]
[TimeControl "180+2"]
[Date "2023.01.10"]
[WhiteClock "0:00:01"]
[BlackClock "0:00:41"]

1. e4 c5 2. Nf3 d6 3. d4 cxd4 4. Nxd4 Nf6 5. Nc3 g6 6. g3 Bg7 7. Bg2 O-O 8. O-O Nc6 9. Nde2 a6 10. a4 Be6 11. Nd5 b5 12. axb5 axb5 13. Rxa8 Qxa8 14. Nc7 Qb7 15. Nxe6 fxe6 16. Nf4 e5 17. Ne6 Rc8 18. Nxg7 Kxg7 19. f4 h6 20. f5 g5 21. h4 Nh7 22. Qh5 Rg8 23. Qg6+ Kh8 24. Qxh6 gxh4 25. Qxh4 Nd4 26. Rf2 Qa7 27. Be3 Qa1+ 28. Bf1 Qe1 29. Bxd4 exd4 30. Qxe7 Rxg3+ 31. Rg2 Qe3+ 32. Kh1 Rh3+ 33. Rh2 Qf3+ 34. Kg1 Rg3+ 35. Rg2 Qe3+ 36. Kh1 Qf3 0-1


[Site "https://www.chess.com"]

[Event "Titled Tuesday Blitz January 10 Early 2023"]
[White "Afanasieva, Alexandra"]
[Black "Kuzmin, Roman"]
[WhiteFideId "34126926"]
[BlackFideId "44134932"]
[WhiteElo "1857"]
[BlackElo "2198"]
[Result "0-1"]
[Round "08"]
[TimeControl "180+2"]
[Date "2023.01.10"]
[WhiteClock "0:02:29"]
[BlackClock "0:02:40"]

1. e4 c5 2. Nf3 d6 3. d4 cxd4 4. Nxd4 Nf6 5. f3 e5 6. Nb3 d5 7. Bg5 Be6 8. exd5 Qxd5 9. Qxd5 Nxd5 10. N1d2 f6 11. Bh4 Ne3 12. Bd3 Nxg2+ 0-1


[Site "https://www.chess.com"]

[Event "Titled Tuesday Blitz January 10 Early 2023"]
[White "Schut, Han"]
[Black "Lehtosaari, Mauri"]
[WhiteFideId "1005561"]
[BlackFideId "501999"]
[WhiteElo "2101"]
[BlackElo "2176"]
[Result "0-1"]
[Round "08"]
[TimeControl "180+2"]
[Date "2023.01.10"]
[WhiteClock "0:00:06"]
[BlackClock "0:00:05"]

1. e4 c5 2. Nf3 e6 3. c4 Nc6 4. Nc3 Nd4 5. Be2 Ne7 6. O-O Nec6 7. d3 Be7 8. Be3 O-O 9. Rb1 b6 10. a3 Bf6 11. Bxd4 Nxd4 12. Nxd4 Bxd4 13. Nb5 Bf6 14. Bf3 Bb7 15. Nd6 Bc6 16. Re1 a6 17. e5 Bxf3 18. Qxf3 Bxe5 19. Rxe5 Qc7 20. Nxf7 d6 21. Nh6+ Kh8 22. Qe3 dxe5 23. Ng4 Rad8 24. Nxe5 Rf5 25. f4 Qd6 26. g4 Rff8 27. Kg2 Qd4 28. Qe2 Qxf4 29. Rf1 Qxf1+ 30. Qxf1 Rxf1 31. Kxf1 Kg8 32. Ke2 Kf8 33. Ke3 Rd4 34. h3 b5 35. Nf3 Rd6 36. b3 Kf7 37. Ne5+ Kf6 38. Nf3 h6 39. h4 bxc4 40. dxc4 Rb6 41. Nd2 h5 42. g5+ Kf5 43. Kd3 Kg4 44. Kc3 Kxh4 45. Ne4 Rc6 46. b4 cxb4+ 47. axb4 Kg4 48. Kd4 h4 49. b5 axb5 50. cxb5 Rb6 51. Kc5 Rb8 52. Kc6 Kf4 53. Nf2 Kf3 54. Nh3 Kg3 55. Ng1 h3 56. Ne2+ Kg4 57. Nd4 h2 58. Nxe6 h1=Q+ 59. Kc5 Qb7 0-1


[Site "https://www.chess.com"]

[Event "Titled Tuesday Blitz January 10 Early 2023"]
[White "Mohota, Nisha"]
[Black "Heinemann, Josefine"]
[WhiteFideId "5004330"]
[BlackFideId "12900460"]
[WhiteElo "2177"]
[BlackElo "2289"]
[Result "1-0"]
[Round "08"]
[TimeControl "180+2"]
[Date "2023.01.10"]
[WhiteClock "0:00:31"]
[BlackClock "0:01:25"]

1. e4 c6 2. d4 d5 3. e5 Bf5 4. h4 h5 5. c4 e6 6. Nc3 Ne7 7. Nge2 dxc4 8. Ng3 Bg6 9. Bxc4 Nf5 10. Bg5 Be7 11. Bxe7 Qxe7 12. Nce4 Nxh4 13. Nd6+ Kf8 14. Kf1 Nd7 15. Qd2 Nb6 16. Bb3 Rd8 17. Rc1 Nf5 18. Ngxf5 Bxf5 19. Qf4 Bg6 20. g4 Kg8 21. Kg2 hxg4 22. Rxh8+ Kxh8 23. Rh1+ Kg8 24. Qh2 1-0


[Site "https://www.chess.com"]

[Event "Titled Tuesday Blitz January 10 Early 2023"]
[White "Sala, Giulia"]
[Black "Legenia, Artem"]
[WhiteFideId "2840451"]
[BlackFideId "14136945"]
[WhiteElo "1998"]
[BlackElo "2092"]
[Result "1-0"]
[Round "08"]
[TimeControl "180+2"]
[Date "2023.01.10"]
[WhiteClock "0:01:42"]
[BlackClock "0:00:31"]

1. e4 d5 2. exd5 Qxd5 3. Nc3 Qa5 4. Bc4 Nf6 5. d4 Nc6 6. Nf3 Bg4 7. O-O O-O-O 8. h3 Bh5 9. g4 Nxg4 10. hxg4 Bxg4 11. d5 e6 12. Bg5 f6 13. Bd2 Bb4 14. dxc6 Bxf3 15. Qxf3 Rxd2 16. Bxe6+ Kb8 17. cxb7 Qg5+ 18. Qg3 Qxg3+ 19. fxg3 Kxb7 20. Bb3 h5 21. Rad1 Rxd1 22. Rxd1 Bxc3 23. bxc3 h4 24. Rd7 g5 25. Rf7 hxg3 26. Rxf6 Rd8 27. Rg6 Re8 28. Rxg5 Re3 29. Rc5 Kb6 30. Rc4 c5 31. Kg2 Kc6 32. Ra4 Rxc3 33. Rxa7 Kd6 34. Ra4 Ke5 35. Rg4 Re3 36. Rxg3 Re2+ 37. Kf3 Rd2 38. Rg5+ Kd4 39. Rd5+ 1-0


[Site "https://www.chess.com"]

[Event "Titled Tuesday Blitz January 10 Early 2023"]
[White "Szyszylo, Rafal"]
[Black "Riverol, Jose"]
[WhiteFideId "1109626"]
[BlackFideId "3000427"]
[WhiteElo "2091"]
[BlackElo "2304"]
[Result "1/2-1/2"]
[Round "08"]
[TimeControl "180+2"]
[Date "2023.01.10"]
[WhiteClock "0:00:06"]
[BlackClock "0:00:09"]

1. e4 c5 2. Nf3 Nc6 3. Bb5 Na5 4. O-O a6 5. Be2 d6 6. c3 Nf6 7. Qc2 Bg4 8. d3 e6 9. Nbd2 Be7 10. h3 Bh5 11. Re1 Rc8 12. a4 O-O 13. Nf1 Nc6 14. Ng3 Bg6 15. Bf1 Re8 16. Bd2 Bf8 17. Nh4 Nxe4 18. Nxg6 Nxg3 19. Nxf8 Nxf1 20. Nxe6 Rxe6 21. Rxe6 fxe6 22. Rxf1 Qf6 23. Qb3 Rc7 24. Re1 Re7 25. f4 Qf5 26. Qc4 Na5 27. Qe4 Qxe4 28. Rxe4 d5 29. Re2 Nc6 30. Kf2 b5 31. axb5 axb5 32. g4 Kf7 33. Re1 Ra7 34. Be3 d4 35. cxd4 cxd4 36. Bc1 Nb4 37. Ke2 Rc7 38. Bd2 Rc2 39. Rb1 Nd5 40. Kd1 Rc6 41. Ra1 e5 42. f5 g6 43. Ra7+ Rc7 44. fxg6+ hxg6 45. Ra6 Nf6 46. Bg5 Nh7 47. Bd2 Nf8 48. h4 Ne6 49. h5 gxh5 50. gxh5 Kf6 51. h6 Rh7 52. Rb6 Kf5 53. Rxb5 Nf4 54. Kc2 Rxh6 55. Bxf4 Kxf4 56. b4 Rc6+ 57. Rc5 Rb6 58. b5 e4 59. dxe4 Kxe4 60. Kb3 d3 61. Kc4 d2 62. Rd5 Ke3 63. Kc5 Rb8 64. b6 Ke2 65. Kc6 Rxb6+ 66. Kxb6 d1=Q 67. Rxd1 Kxd1 1/2-1/2


[Site "https://www.chess.com"]

[Event "Titled Tuesday Blitz January 10 Early 2023"]
[White "Kirillov, Dmitry"]
[Black "Cardozo Munar, Carlos Eduardo"]
[WhiteFideId "34180572"]
[BlackFideId "4409477"]
[WhiteElo "2179"]
[BlackElo "2043"]
[Result "1-0"]
[Round "08"]
[TimeControl "180+2"]
[Date "2023.01.10"]
[WhiteClock "0:01:04"]
[BlackClock "0:00:23"]

1. e4 e6 2. d4 d5 3. Nd2 c5 4. exd5 Qxd5 5. Ngf3 cxd4 6. Bc4 Qd7 7. Nb3 Nc6 8. O-O Nf6 9. Nbxd4 Nxd4 10. Nxd4 a6 11. Re1 Bd6 12. Bd3 Qc7 13. h3 O-O 14. Qf3 Be5 15. c3 Bd7 16. Bg5 Rad8 17. Rad1 h6 18. Bh4 g5 19. Bg3 Bxg3 20. Qxf6 Qf4 21. Qxh6 Bxf2+ 22. Kh1 f5 23. Qg6+ Kh8 24. Qh6+ Kg8 25. Nxe6 Bxe6 26. Rxe6 Qe3 27. Rxe3 Bxe3 28. Bc4+ 1-0


[Site "https://www.chess.com"]

[Event "Titled Tuesday Blitz January 10 Early 2023"]
[White "Shubenkova, Veronika"]
[Black "Johnson, Ben"]
[WhiteFideId "44124040"]
[BlackFideId "2010917"]
[WhiteElo "1960"]
[BlackElo "1961"]
[Result "1-0"]
[Round "08"]
[TimeControl "180+2"]
[Date "2023.01.10"]
[WhiteClock "0:00:42"]
[BlackClock "0:00:01"]

1. e4 c5 2. Nc3 Nc6 3. g3 g6 4. Bg2 Bg7 5. f4 d6 6. d3 Nf6 7. Nf3 O-O 8. Be3 Ng4 9. Qd2 Nxe3 10. Qxe3 Nd4 11. Qd2 Bg4 12. O-O Qd7 13. Rab1 b5 14. Ne2 Nxe2+ 15. Qxe2 b4 16. Qd2 a5 17. Ng5 h6 18. Nf3 a4 19. e5 d5 20. d4 Rfc8 21. c3 cxd4 22. cxd4 Rc4 23. Rf2 Rac8 24. Rbf1 b3 25. axb3 axb3 26. Qe3 Qb5 27. Nd2 Rb4 28. h3 Bd7 29. g4 Rc2 30. Nf3 Rbc4 31. Re1 Rxf2 32. Qxf2 Rc2 33. Qe3 Rxb2 34. Bf1 Qb4 35. Rd1 Rc2 36. Rb1 b2 37. Ne1 Rc3 38. Qf2 Rb3 39. Nd3 Qc3 40. Rxb2 Ba4 41. Rxb3 Bxb3 42. Nc5 Bc4 43. Bg2 Bf8 44. f5 e6 45. Nd7 Bb4 46. fxg6 1-0


[Site "https://www.chess.com"]

[Event "Titled Tuesday Blitz January 10 Early 2023"]
[White "Ruge, Edison"]
[Black "Topalov, Aleksandar"]
[WhiteFideId "4401000"]
[BlackFideId "925659"]
[WhiteElo "2201"]
[BlackElo "2233"]
[Result "1-0"]
[Round "08"]
[TimeControl "180+2"]
[Date "2023.01.10"]
[WhiteClock "0:02:22"]
[BlackClock "0:02:23"]

1. e4 e6 2. d3 d5 3. Nd2 c5 4. Ngf3 Nc6 5. g3 Nf6 6. Bg2 Be7 7. O-O O-O 8. e5 Nd7 9. Re1 b5 10. c3 a5 11. Nf1 b4 12. h4 Ba6 13. Bf4 Bb5 14. Rc1 bxc3 15. bxc3 Ba6 16. c4 Nb4 17. a3 Na2 18. Rc2 1-0


[Site "https://www.chess.com"]

[Event "Titled Tuesday Blitz January 10 Early 2023"]
[White "Jiganchine, Roman"]
[Black "Mitrovic, Darko R"]
[WhiteFideId "2603667"]
[BlackFideId "927023"]
[WhiteElo "2205"]
[BlackElo "2220"]
[Result "1-0"]
[Round "08"]
[TimeControl "180+2"]
[Date "2023.01.10"]
[WhiteClock "0:00:41"]
[BlackClock "0:00:02"]

1. e4 e6 2. d4 d5 3. Nd2 Nf6 4. Bd3 c5 5. c3 Nc6 6. Ngf3 cxd4 7. cxd4 dxe4 8. Nxe4 Nxe4 9. Bxe4 Be7 10. O-O O-O 11. Bxc6 bxc6 12. Ne5 Bb7 13. Qb3 Qb6 14. Be3 Qxb3 15. axb3 Rfc8 16. Rfc1 Kf8 17. Nd7+ Ke8 18. Nc5 Bxc5 19. Rxc5 a5 20. Rcxa5 Rxa5 21. Rxa5 Ra8 22. b4 Kd7 23. f3 Kc8 24. Bd2 Ba6 25. Bc3 Kb7 26. Kf2 Bb5 27. g4 Rd8 28. Ke3 Rd5 29. h4 h5 30. Ra1 g6 31. Rg1 Kc8 32. Kf4 Kd7 33. Re1 Ke7 34. Re5 Rxe5 35. dxe5 Be2 36. Bd4 Bd1 37. Bc5+ Kd7 38. Kg3 Ke8 39. Be3 Kd7 40. Bg5 Ke8 41. Bf6 Kd7 42. gxh5 gxh5 43. Kf4 Ke8 44. Ke3 Kd7 45. Kf2 Ke8 46. Bg5 Kd7 47. Be3 Ke8 48. Bc5 Kd7 49. f4 Bg4 50. Ke3 Ke8 51. Bd6 Kd7 52. Kd4 Be2 53. Kc5 Bb5 54. Kd4 Bf1 55. Ke4 Bb5 56. f5 Bf1 57. Kf4 Bd3 58. Kg5 Bxf5 59. Kxh5 Bg6+ 60. Kg5 Bd3 61. Kf6 Ke8 62. h5 1-0


[Site "https://www.chess.com"]